 Dungeon Crawl Stone Soup version 0.29.1-12-g30fa7ad0bf (webtiles) character file.

Game seed: 16525260875229183159

182 LustLizard the Slasher (level 5, -10/44 HPs)
             Began as a Barachi Monk on Jan 6, 2023.
             Mangled by an ogre
             ... wielding a +0 giant spiked club
              (21 damage)
             ... on level 4 of the Dungeon.
             The game lasted 00:06:58 (2935 turns).

LustLizard the Slasher (Barachi Monk)               Turns: 2935, Time: 00:06:59

Health: -10/44     AC: 10    Str: 18    XL:     5   Next: 61%
Magic:  5/5        EV: 10    Int: 12    God:
Gold:   164        SH:  0    Dex: 15    Spells: 4/4 levels left

rFire   . . .      SeeInvis .   E - +2 spear (venom)
rCold   + . .      Faith    .   (no shield)
rNeg    . . .      Spirit   .   A - +0 scale mail
rPois   .          Reflect  .   z - +1 helmet
rElec   .          Harm     .   (no cloak)
rCorr   .          Rampage  .   F - +0 pair of gloves
Will    .....                   G - +0 pair of boots
Stlth   +.........              (no amulet)
HPRegen 0.14/turn               i - +6 ring of strength
MPRegen 0.09/turn               r - ring of protection from cold

@: unable to hop, slowed, very slow
A: amphibious, slowness 1, strong legs 1, +LOS
a: Hop


You were on level 4 of the Dungeon.
You visited 1 branch of the dungeon, and saw 4 of its levels.

You collected 164 gold pieces.

Inventory:

Hand Weapons
 a - a +0 falchion
 E - a +2 spear of venom (weapon)
Missiles
 e - 40 stones
 B - 2 poisoned darts
Armour
 b - a +0 robe
 o - a +0 ring mail
 z - a +1 helmet (worn)
 A - a +0 scale mail (worn)
 C - a +0 plate armour
 F - a +0 pair of gloves (worn)
 G - a +0 pair of boots (worn)
Jewellery
 i - a +6 ring of strength (left hand)
 r - a ring of protection from cold (right hand)
 D - an amulet of faith
Wands
 w - a wand of light (12)
Scrolls
 c - 5 scrolls of identify {unknown}
 d - a scroll of blinking {unknown}
 l - 3 scrolls of teleportation
 m - a scroll of torment {unknown}
 n - a scroll of enchant weapon {unknown}
 p - 2 scrolls of summoning {unknown}
 u - a scroll of vulnerability {unknown}
 y - a scroll of enchant armour {unknown}
Potions
 f - 2 potions of curing {unknown}
 g - a potion of mutation {unknown}
 h - a potion of invisibility {unknown}
 j - a potion of attraction {unknown}
 k - a potion of cancellation {unknown}
 q - a potion of brilliance {unknown}
 s - 2 potions of berserk rage {unknown}
 t - a potion of lignification {unknown}
 v - a potion of heal wounds {unknown}
 x - a potion of haste {unknown}


   Skills:
 + Level 5.1 Fighting
 * Level 6.4 Long Blades
 - Level 3.2 Dodging
 - Level 1.7 Stealth


You had 4 spell levels left.
You didn't know any spells.
Your spell library contained the following spells:

 Spells                   Type           Power      Damage    Failure   Level
 Gell's Gravitas          Tloc           0%         N/A       98%         3
 Teleport Other           Tloc           0%         N/A       98%         3
 Dispersal                Tloc           0%         N/A       100%        6


Dungeon Overview and Level Annotations

Branches:
Dungeon (4/15)
 Temple: D:4-7

Altars:
Kikubaaqudgha

Annotations:
D:4 Natasha, Pikel


Innate Abilities, Weirdness & Mutations

You are amphibious.
You cover ground slowly.
You can hop short distances.
You have an extended range of vision and can be seen from far away.


Message History

The kobold attacks as you move away! The kobold hits you but does no damage.
Natasha wildly gestures.
You feel disoriented. The kobold attacks as you move away!
The kobold barely misses you. The kobold attacks as you move away!
The kobold hits you but does no damage.
The kobold throws a stone.
The stone hits you but does no damage.
The kobold throws a stone.
The stone hits you but does no damage. Natasha claws you.
Natasha casts a spell at you.
You feel yourself slow down. The iguana bites you!
You hit the iguana but do no damage.
The iguana is poisoned.
The iguana bites you. The iguana barely misses you.
You hit the iguana.
The iguana looks as sick as possible!
The iguana is moderately wounded.
Natasha mumbles some strange words.
Natasha's front paws start to glow.
The iguana bites you. Natasha claws you but does no damage.
The iguana bites you. Natasha claws you but does no damage.
You hit the iguana but do no damage.
The iguana looks as sick as possible!
The iguana is almost dead.
You kill the iguana!
Natasha claws you but does no damage. Natasha closely misses you.
The kobold hits you but does no damage.
You hit the kobold.
You kill the kobold!
Natasha closely misses you.
The ogre hits you with a +0 giant spiked club.
Natasha claws you.
Unknown command.
Okay, then.
Natasha attacks as you move away! Natasha closely misses you.
Natasha barely misses you.
You hit Natasha.
Natasha is heavily wounded.
Natasha casts a spell at you. The magic dart hits you.
* * * LOW HITPOINT WARNING * * *
The ogre hits you with a +0 giant spiked club!!
You die...

###......## ##..........#.....
#<........###...÷.....####....
#...##..####..................
#.......###......#..........).
##.......###.....#............
###.##.####....O#..÷###......
#.[.##..†#...)#..KO.....###..
###........O#h#..........##..
##........@##..>.###....#..
#.....#..#####..# .[....#.
##.####### ##.>.......#. ###
......#..... ....###.#...
##.... .#... ...... .. ..


You could see an ogre and Natasha (resistant).

Vanquished Creatures
  A jelly (D:4)
  2 iguanas (D:4)
  4 adders
  2 dart slugs
  4 orcs
  7 bats
  6 endoplasms
  3 giant cockroaches
  2 goblins
  3 hobgoblins
  3 jackals (D:1)
  3 quokkas
  6 ball pythons
  2 frilled lizards
  6 kobolds
  4 rats
58 creatures vanquished.

Notes
Turn   | Place    | Note
-------+----------+-------------------------------------------
     0 | D:1      | LustLizard the Barachi Monk began the quest for the Orb.
     0 | D:1      | Reached XP level 1. HP: 18/18 MP: 1/1
   214 | D:1      | Reached skill level 4 in Long Blades
   216 | D:1      | Reached XP level 2. HP: 18/25 MP: 2/2
  1192 | D:2      | Reached XP level 3. HP: 6/30 MP: 3/3
  1370 | D:2      | Found a faded altar of an unknown god.
  1437 | D:2      | Reached skill level 5 in Long Blades
  1739 | D:3      | Reached XP level 4. HP: 26/38 MP: 4/4
  2353 | D:3      | Found an ancient bone altar of Kikubaaqudgha.
  2617 | D:4      | Noticed Pikel
  2617 | D:4      | Noticed a lemure
  2617 | D:4      | Noticed a lemure
  2617 | D:4      | Noticed a lemure
  2618 | D:4      | Noticed a lemure
  2750 | D:4      | Reached XP level 5. HP: 25/43 MP: 5/5
  2894 | D:4      | Reached skill level 5 in Fighting
  2894 | D:4      | Reached skill level 6 in Long Blades
  2912 | D:4      | Noticed Natasha
  2914 | D:4      | Noticed an ogre
  2935 | D:4      | Mangled by an ogre

Illustrated notes

Levels and vault maps discovered:
D:1:      dpeg_arrival_boxorama, layout_basic
D:2:      layout_rooms, chequers_ecumenical_altar_simple,
          chequers_serial_rivers_room_a, nrook_uturn, dk_noncrumbling_4
D:3:      layout_basic, mainiacjoe_overflow_brackets
D:4:      layout_cave_pools, serial_shops, shop, wad_woods_river_04, uniq_pikel,
          uniq_natasha

Skill      XL: |  1  2  3  4  5 |
---------------+----------------+-----
Long Blades    | 4 5 6 |  6.4
Fighting       | 4 5 |  5.1
Dodging        | |  3.2
Stealth        | |  1.7

Action                   |  1- 3 |  4- 6 || total
-------------------------+-------+-------++-------
Melee: Falchion          |   131 |    42 ||   173
       Punch             |     2 |     1 ||     3
       Spear             |       |    29 ||    29
 Abil: Hop               |       |     2 ||     2
  Use: Scroll            |     1 |       ||     1
       Potion            |     1 |       ||     1
 Stab: Sleeping          |     2 |       ||     2
Armor: Robe              |    23 |       ||    23
       Ring mail         |    26 |    10 ||    36
       Scale mail        |       |    35 ||    35
Dodge: Dodged            |   110 |    52 ||   162
